[Event "GER-ch Youth-U18 2022"]
[Site "Willingen"]
[Date "2022.06.11"]
[Round "9.9"]
[White "Hassemeier, Mika"]
[Black "Haack, Kevin"]
[Result "1/2-1/2"]
[ECO "B90"]
[WhiteElo "2127"]
[BlackElo "2176"]
[Annotator "TA"]
[PlyCount "203"]
[EventDate "2022.06.05"]
[EventType "swiss"]
[EventRounds "9"]
[EventCountry "GER"]
[SourceTitle "playchess.com"]
[Source "ChessBase"]
[SourceQuality "1"]
[TimeControl "40/4500+30:900+30"]

1. e4 c5 2. Nf3 d6 3. d4 cxd4 4. Nxd4 Nf6 5. Nc3 a6 6. Bc4 e6 7. a3 Be7 8. Ba2 O-O 9. O-O Qc7 10. f4 Nc6 11. Be3 Nxd4 {[%emt 0:08:13] B88: Sicilian: Sozin Attack.} 12. Bxd4 e5 13. Be3 Be6 14. f5 Bxa2 15. Rxa2 {[%emt 0:00:48] [#]} h6 $146 {[%emt 0:02:33] Against Bg5} ({Predecessor:} 15... Rfd8 16. Bg5 d5 17. Bxf6 dxe4 18. Qg4 Bxf6 19. Nxe4 Kh8 20. c3 Rac8 21. Raa1 Qb6+ {0-1 (45) Jurkovic,A (2319)-Stocek,J (2552) Nova Gorica 2004}) 16. Qf3 Bd8 (16... b5 {is superior.}) 17. Raa1 $11 Qc6 18. Rad1 Bb6 19. Nd5 Nxd5 20. Rxd5 f6 (20... Bxe3+ $1 $11 21. Qxe3 Qxc2) 21. c3 Rfd8 22. Rfd1 Rd7 23. Kh1 Bxe3 24. Qxe3 Rad8 25. Qd3 {[%emt 0:03:16] White is more active.} Kf8 26. c4 Ke7 27. b4 (27. b3 $16) 27... Rc8 28. Rc1 b6 29. h3 Qb7 30. Rc3 Qc6 31. Kh2 Rdc7 32. Rc2 Rd7 33. Qb3 Qb7 34. a4 Rb8 ({Better is} 34... a5) 35. Rcd2 $16 Rc8 {[%emt 0:00:45] Against c5} 36. Qg3 Ke8 (36... Kf8 {is a better defense.}) 37. Qd3 ({Much less strong is} 37. Rxd6 Rcd8 38. R6d5 Rxd5 39. cxd5 (39. Rxd5 Rxd5 40. cxd5 Qc7 $16) 39... Kf7 $18) 37... Rcd8 38. a5 bxa5 39. Rxa5 (39. bxa5 $18 {Qe2 is the strong threat.} Qc8 40. Rb2) 39... Qxb4 $11 40. Qd5 {[%emt 0:00:41] Strongly threatening Qg8+.} Kf8 {[%emt 0:02:13] Against Qg8+} 41. Rxa6 Qc5 (41... Rc7 $11) 42. Qxc5 $1 $16 dxc5 43. Rd5 Rxd5 44. exd5 {[%emt 0:00:00][%mdl 4096] Endgame KR-KR} Re8 (44... Rb8 $16) 45. Rc6 e4 46. Re6 Rb8 47. Rxe4 Rb3 (47... Rb2 $16 {was called for.} 48. Re6 Rc2) 48. Kg1 Rb2 49. Kf1 Kf7 50. Re2 (50. g4 $16) 50... Rb4 $1 $14 51. Re4 (51. Rc2 $1 $14) 51... Rb2 $16 52. d6 Rd2 53. Re7+ Kf8 54. Rc7 $1 Rxd6 {[%emt 0:00:07] [#]} 55. Rxc5 (55. Ke2 $1 $16) 55... Ra6 ({Black should play} 55... Rd2 $1 $14) 56. Rc7 (56. Rc8+ $16 Ke7 57. Rc7+ Kd6 58. Rxg7) 56... Ra2 $11 57. c5 {[%emt 0:02:05][%cal Bc4c5,Bc5c6][%mdl 32] aiming for g4.} h5 58. c6 {[%emt 0:00:49] Hoping for Rd7.} Rc2 {[%emt 0:00:03] [#]} 59. Ke1 (59. Kg1 $1 $16) 59... h4 $2 (59... Rxg2 $11 {and Black stays safe.} 60. Rd7 Ke8) 60. Kd1 $18 Rc5 61. Ke2 Ke8 62. Rxg7 (62. Kd3 $18) 62... Rxc6 $16 63. Kf3 Kf8 64. Ra7 (64. Rg4 $16) 64... Rc3+ $11 65. Kf4 Rc4+ 66. Kf3 Rc3+ 67. Ke4 Rc2 68. Rh7 Rxg2 69. Rxh4 Rd2 70. Rh7 Kg8 71. Ra7 Rh2 72. Ra3 Re2+ 73. Kf4 Rb2 74. Kg4 Rg2+ 75. Rg3 Rf2 $1 76. Rf3 Rg2+ {[%emt 0:00:05] The position is equal.} 77. Kf4 {[%emt 0:00:55] Threatening mate with Rg3+.} Ra2 78. Re3 Kf7 79. h4 Ra1 80. Rf3 Rg1 81. Rg3 Rf1+ 82. Kg4 Ra1 83. Rf3 Rg1+ 84. Kh5 Rg8 85. Ra3 Rh8+ 86. Kg4 Rg8+ 87. Kf4 {[%emt 0:00:05] White threatens Ra7+ and mate.} Rg1 88. Ra7+ Kg8 89. Ra3 Kf7 90. Rb3 Rg2 91. Rg3 Ra2 92. Re3 Rg2 93. Re4 Rg1 94. Ra4 Rg2 95. Ra7+ Kg8 96. h5 Rh2 97. Kg4 Rg2+ 98. Kf4 Rh2 99. Ra6 Kf7 100. h6 Rh4+ 101. Kf3 Rxh6 102. Ke4 {Weighted Error Value: White=0.26 (precise) /Black=0.29 (precise)} 1/2-1/2

[Event "GER-ch Youth-U18 2022"]
[Site "Willingen"]
[Date "2022.06.11"]
[Round "9.10"]
[White "Weidemann, Jakob"]
[Black "Chen, Qingzhi Alexander"]
[Result "1-0"]
[ECO "B96"]
[WhiteElo "2047"]
[BlackElo "1879"]
[Annotator "TA"]
[PlyCount "77"]
[EventDate "2022.06.05"]
[EventType "swiss"]
[EventRounds "9"]
[EventCountry "GER"]
[SourceTitle "playchess.com"]
[Source "ChessBase"]
[SourceQuality "1"]
[TimeControl "40/4500+30:900+30"]

1. e4 c5 2. Nf3 d6 3. d4 cxd4 4. Nxd4 Nf6 5. Nc3 a6 6. Bg5 e6 7. f4 b5 8. e5 dxe5 9. fxe5 Qc7 10. exf6 Qe5+ 11. Be2 Qxg5 12. O-O {[%emt 0:00:00] 12.0-0 scores better than 12.Qd3.} Ra7 13. Qd3 Rd7 14. Ne4 {[%emt 0:00:00] B96: Sicilian Najdorf: 6 Bg5 e6 7 f4, lines other than 7...Qb6 and 7...Be7.} Qe5 15. Nf3 Qxb2 16. Qe3 {[%emt 0:09:18] White is slightly better.} Bb7 {[%emt 0:00:00] [#]} (16... gxf6 $2 17. Rab1 Qa3 18. Nxf6+ Kd8 19. Qb6+ Ke7 20. Ne5 $18) (16... Qxc2 $2 17. Rfc1 Bc5 18. Nxc5 $18 (18. Rxc2 $2 {loses.} Bxe3+ 19. Kh1 O-O $19)) 17. c4 {[%emt 0:44:30] White is more active.} ({White should play} 17. Rab1 $1 $16 Qxc2 18. Nfg5) 17... b4 $2 {[%emt 0:02:46][%mdl 8192] [#] White now steadily converts the win.} (17... gxf6 $2 18. Rab1 Qa3 19. Nxf6+ Kd8 20. Qxa3 Bxa3 21. Nxd7 Nxd7 22. cxb5 $18) (17... Bxe4 $11 18. Qxe4 b4) 18. Rab1 $1 $18 {[%emt 0:02:12] [#]} Qxa2 $146 ({Predecessor:} 18... Qc2 19. Nfg5 Bxe4 20. Nxe4 g6 21. Rbd1 Bh6 22. Qc5 {1-0 (22) Ootes,L (2396)-Rosmuller,A (2142) Utrecht 2015}) 19. fxg7 {[%emt 0:00:33][%mdl 64] Deflection} Bxg7 20. Rxb4 {[%emt 0:00:55][%cal Oe3g5] And now Qg5! would win.} Nc6 $2 {[%emt 0:02:43] [#]} (20... O-O 21. Rfb1 (21. Nc5 Bxf3 22. Qxf3 Rc7 $15) 21... Ba8) 21. Rxb7 $1 {[%emt 0:01:36][%mdl 576] Deflection, Decoy} Rxb7 22. Nd6+ Kd7 23. Nxb7 {[%emt 0:00:29] Pair of Knights!} Rb8 24. Nc5+ Ke7 25. Rd1 $2 (25. Qe4 Nd8 26. Nh4) 25... h6 $2 (25... Rb1 26. Qd3 Rxd1+ 27. Bxd1 Qa1 28. Qd7+ Kf8) 26. Rd7+ Ke8 {[%emt 0:01:36] [#]} 27. Rxf7 $3 Rb1+ (27... Nd4 28. Rxg7) 28. Kf2 {[%emt 0:00:24] White mates.} Bd4 {[%emt 0:02:17] [#]} 29. Nxd4 $1 Nxd4 {[%emt 0:00:04] [#]} (29... Rf1+ 30. Kxf1) 30. Qxd4 $1 Kxf7 31. Qd7+ Kf6 32. Qxe6+ Kg7 33. Qe7+ Kg6 34. Kg3 Rb3+ 35. Kh4 h5 36. Bxh5+ Kh6 37. Qf6+ Kh7 38. Bg6+ Kh6 39. Bb1# {[%emt 0:00:11] Weighted Error Value: White=0.48/Black=0.80} 1-0

[Event "GER-ch Youth-U18 2022"]
[Site "Willingen"]
[Date "2022.06.11"]
[Round "9.11"]
[White "Rohde, Niclas"]
[Black "Muller, Magnus"]
[Result "1-0"]
[ECO "B12"]
[WhiteElo "1730"]
[BlackElo "1464"]
[Annotator "NA RC COMBH"]
[PlyCount "149"]
[EventDate "2022.06.05"]
[EventType "swiss"]
[EventRounds "9"]
[EventCountry "GER"]
[SourceTitle "playchess.com"]
[Source "ChessBase"]
[SourceQuality "1"]
[TimeControl "40/4500+30:900+30"]

1. e4 c6 2. d4 d5 3. e5 c5 4. dxc5 e6 5. a3 Nc6 6. Nf3 Bxc5 7. b4 Bb6 8. Bd3 Nge7 9. O-O Ng6 10. Bb2 O-O 11. Re1 a6 12. Nbd2 Bc7 13. c4 dxc4 14. Nxc4 Qe7 15. Qc2 Bd7 16. Rac1 Rac8 17. Qb1 Rfd8 18. Be4 Be8 19. Rcd1 b5 20. Ncd2 a5 21. bxa5 Bxa5 22. Re3 Bb6 23. Rc3 Qa7 24. Rf1 Qb8 25. Nb3 Nce7 26. Rxc8 Rxc8 27. h4 h6 28. Rd1 Nf4 29. Rd2 Qa7 30. Nbd4 Nfd5 31. Qd3 Rc4 32. g3 Qa4 33. Rc2 Bc5 34. Rxc4 bxc4 35. Qc2 c3 36. Qxa4 Bxa4 37. Bc1 Nb6 38. Bc2 Nc6 39. Nb3 Be7 40. Nbd4 Bxc2 41. Nxc2 Nc4 42. Kf1 Bc5 43. Ke2 Kf8 44. Kd3 N4xe5+ 45. Nxe5 Nxe5+ 46. Ke2 Ke7 47. Be3 Kd6 48. Bxc5+ Kxc5 49. f4 Ng4 50. Kd3 Nf2+ 51. Ke3 Nd1+ 52. Kd3 h5 53. Nb4 Nf2+ 54. Ke3 Nh1 55. Kf3 Kb5 56. Na2 Kc4 57. a4 c2 58. a5 Kb5 59. a6 Kxa6 60. Nb4+ Kb5 61. Nxc2 Kc4 62. Kg2 Kd3 63. Nb4+ Ke2 64. Kxh1 Kf3 65. Kh2 f6 66. Nc6 Kg4 67. Kg2 g5 68. hxg5 fxg5 69. fxg5 Kxg5 70. Kh3 Kf5 71. Kh4 Kg6 72. Ne5+ Kf5 73. Nd3 e5 74. Kxh5 e4 75. g4+ 1-0

[Event "GER-ch Youth-U18 2022"]
[Site "Willingen"]
[Date "2022.06.11"]
[Round "9.12"]
[White "Orf, Niklas"]
[Black "Dietlmeier, Tobias"]
[Result "1-0"]
[ECO "C54"]
[WhiteElo "1797"]
[BlackElo "1886"]
[Annotator "NA RC COMBH"]
[PlyCount "75"]
[EventDate "2022.06.05"]
[EventType "swiss"]
[EventRounds "9"]
[EventCountry "GER"]
[SourceTitle "playchess.com"]
[Source "ChessBase"]
[SourceQuality "1"]
[TimeControl "40/4500+30:900+30"]

1. e4 e5 2. Nf3 Nc6 3. Bc4 Bc5 4. c3 Nf6 5. d3 d6 6. Bb3 h6 7. Nbd2 {[%emt 0:00:00] 7.0-0 is vanishing.} O-O 8. h3 Be6 9. Bc2 Bb6 10. Nf1 d5 11. Qe2 Qe7 12. g4 Nd7 13. Ng3 dxe4 14. dxe4 f6 {[%emt 0:05:55] [#]} 15. Nh4 $146 ({Predecessor:} 15. Nf5 Bxf5 16. gxf5 Kf7 17. Nh4 Qd6 18. Qh5+ Ke7 19. Ng6+ Kd8 20. Nxf8 Nxf8 21. Rg1 {1-0 (28) Sural,C (1540)-Bladanli,A (1168) Antalya 2018}) 15... Rfd8 (15... Qf7 $14 {is superior.}) 16. Nhf5 Bxf5 17. Nxf5 Qf8 18. h4 Ne7 19. Bd2 Nc5 20. O-O-O Nxf5 21. exf5 Qf7 $2 (21... e4 {was worth a try.}) 22. Kb1 a5 23. Be3 Rxd1+ 24. Rxd1 $18 Qe7 25. Rd5 Kh8 26. Qb5 Na6 27. Bxb6 c6 28. Rd8+ Rxd8 29. Bxd8 Qxd8 30. Qxb7 Qd5 31. Qa8+ Kh7 32. a4 Qc4 33. f3 Qf1+ 34. Ka2 Nc5 35. Qxc6 Qc4+ 36. Ka3 h5 37. g5 Qe2 38. g6+ 1-0

[Event "GER-ch Youth-U18 2022"]
[Site "Willingen"]
[Date "2022.06.11"]
[Round "9.13"]
[White "Mankel, Luca"]
[Black "Wehrle, Maximilian"]
[Result "1/2-1/2"]
[ECO "C43"]
[WhiteElo "2010"]
[BlackElo "1786"]
[Annotator "TA"]
[PlyCount "98"]
[EventDate "2022.06.05"]
[EventType "swiss"]
[EventRounds "9"]
[EventCountry "GER"]
[SourceTitle "playchess.com"]
[Source "ChessBase"]
[SourceQuality "1"]
[TimeControl "40/4500+30:900+30"]

1. e4 e5 2. Nf3 Nf6 3. d4 exd4 4. e5 Nd5 5. Qxd4 Nb6 6. Bd3 {[%emt 0:00:00] White is more active. C43: Petroff Defence: 3 d4.} d5 7. exd6 Qxd6 8. O-O {[%emt 0:00:00] [#] White is better.} Qxd4 $146 ({Predecessor:} 8... Nc6 9. Re1+ Be7 10. Qxg7 {1-0 (10) Kaloev,T (1851)-Meyer,F (1114) LSS email 2014}) 9. Nxd4 c5 (9... f6 $16 {was necessary.}) 10. Re1+ $18 Kd8 11. Nf3 Nc6 12. Ng5 Be6 13. Nxe6+ fxe6 14. c3 ({Much less strong is} 14. Rxe6 $6 c4 $16) (14. Nc3 $18) 14... Kd7 15. Nd2 Re8 16. Nf3 (16. Ne4 $18) 16... Bd6 17. Bd2 h6 18. Rad1 Kc7 19. Re4 Rhf8 20. Rde1 Rf6 21. Bf1 a6 22. c4 Kd7 23. Bc3 Rf7 24. b3 Ree7 25. Bd3 Rf4 26. Rxf4 Bxf4 27. g3 Bd6 28. Nd2 (28. Nh4 $142) 28... Nd4 29. Kg2 Kc6 (29... e5 $142) 30. Ne4 (30. Ba5 $142) 30... Nd7 {[%emt 0:01:09] [#]} 31. f4 ({White should try} 31. b4 $1 $16) 31... e5 $14 32. Nxd6 Kxd6 33. fxe5+ Rxe5 34. Kf2 Rxe1 35. Kxe1 $11 {[%emt 0:02:12][%mdl 4096] Endgame KBB-KNN} Ne5 36. Be2 Nxe2 37. Kxe2 {[%emt 0:01:03] KB-KN} g6 38. h3 h5 39. Ke3 Ke6 40. Ke4 Nf7 41. Kf4 {[%emt 0:19:21] Inhibits Ng5.} Nd6 42. Ba5 {[%emt 0:04:45] Threatens to win with Bb6.} Nc8 {[%emt 0:04:16] Inhibits Bb6.} 43. Kg5 Kf7 44. Bc7 Kg7 45. g4 hxg4 46. hxg4 Kf7 {[%emt 0:00:08] The position is equal.} 47. Bb8 Kg7 48. Bc7 Kf7 49. Bb8 Kg7 {[%emt 0:00:06] Black escapes into a draw.  Weighted Error Value: White=0.18 (very precise) /Black=0.15 (very precise)} 1/2-1/2